 Dungeon Crawl Stone Soup version 0.26.1-11-gd32895ea62 (webtiles) character file.

Game seed: 18128312855918557356

9242 nomophobia the Carver (level 11, 0/89 HPs)
             Began as a Demonspawn Berserker on May 20, 2021.
             Was an Elder of Trog.
             Slain by a boulder beetle (4 damage)
             ... on level 11 of the Dungeon.
             The game lasted 01:17:05 (9340 turns).

nomophobia the Carver (Demonspawn Berserker)        Turns: 9340, Time: 01:17:08

Health: 0/89       AC: 17    Str: 22    XL:     11   Next: 20%
Magic:  11/11      EV: 12    Int:  8    God:    Trog [****..]
Gold:   814        SH:  0    Dex: 18    Spells: 10/10 levels left

rFire    . . .     SeeInvis .   w - +1 long sword (vorpal)
rCold    . . .     Faith    .   (no shield)
rNeg     . . .     Spirit   .   s - +1 plate armour
rPois    .         Reflect  .   (helmet restricted)
rElec    .         Harm     .   m - +1 cloak
rCorr    .         Rampage  .   (no gloves)
Will     .....                  (no boots)
Stlth    ..........             (no amulet)
HPRegen  0.24/turn              u - +4 ring of evasion
MPRegen  0.12/turn              (no ring)

@: marked, berserk cooldown, slowed, very slow
A: horns 1, thin skeletal structure 3, demonic guardian 1, powered by pain 1
a: Renounce Religion, Berserk, Trog's Hand, Brothers in Arms


You were on level 11 of the Dungeon.
You worshipped Trog.
Trog was greatly pleased with you.
You visited 1 branch of the dungeon, and saw 11 of its levels.

You collected 814 gold pieces.

Inventory:

Hand Weapons
 a - a +2 falchion
 w - a +1 vorpal long sword (weapon)
Armour
 m - a +1 cloak (worn)
 s - a +1 plate armour (worn)
Jewellery
 b - an uncursed ring of protection from cold
 u - a +4 ring of evasion (left hand)
 z - an uncursed amulet of reflection
Wands
 d - a wand of disintegration (9)
 y - a wand of polymorph (12)
Scrolls
 j - 2 scrolls of fog
 p - 4 scrolls of remove curse
 q - 2 scrolls of immolation
 v - a scroll of identify
 x - a scroll of fear
 A - a scroll of teleportation
Potions
 c - a potion of berserk rage {unknown}
 e - 2 potions of ambrosia {unknown}
 f - 3 potions of haste
 g - 3 potions of brilliance {unknown}
 h - 2 potions of flight {unknown}
 i - a potion of cancellation {unknown}
 k - 3 potions of degeneration {unknown}
 l - 4 potions of might {unknown}
 n - a potion of lignification {unknown}
 o - a potion of heal wounds {unknown}
 r - 4 potions of curing {unknown}
 t - 2 potions of attraction {unknown}
 C - 2 potions of resistance {unknown}
 E - a potion of invisibility {unknown}


   Skills:
 + Level 9.4 Fighting
 * Level 11.6 Long Blades
 + Level 8.3 Armour
 - Level 1.7 Dodging


You had 10 spell levels left.
You didn't know any spells.
Your spell library was empty.

Dungeon Overview and Level Annotations

Branches:
Dungeon (11/15)            Temple (0/1) D:6
   Lair: D:8-11         Orc: D:9-12

Altars:
Gozag
Ru
Vehumet
Xom

Shops:
D:11 *


Innate Abilities, Weirdness & Mutations

You have a pair of small horns on your head.
You have an unnaturally thin skeletal structure. (Dex +6, Stealth++)
A weak demonic guardian rushes to your aid.
You sometimes gain a little power by taking damage.


Message History

An orc comes into view. It is wielding a +0 flail.
A wyvern comes into view.
The boulder beetle curls into a ball and begins rolling!
Your quasit bites the wight.
Your quasit barely misses the wight. x2
A hornet comes into view.
The centaur hits you but does no damage.
The wight barely misses your ogre.
Your plate armour prevents you from hitting the centaur.
Your ogre hits the boulder beetle with a +0 giant club!
The manticore bites you but does no damage.
The manticore claws you but does no damage.
The manticore claws you.
* * * LOW HITPOINT WARNING * * *
Your white imp gestures at the wight.
The puff of frost misses the wight.
Your quasit bites the wight but does no damage.
Your quasit misses the wight.
Your quasit claws the wight but does no damage.
The boulder beetle bites you.
You die...

#.####........####
#....................
#...................
#.######.†<........ #.#
#.†..###...# # ###.##
#....# #...# .# .....#
#....# #.T)###..#
.P.P.#####....###5.z......
..∩P..........Dc@Oz5z.....
..P...........DHB((.h..B..
...............B######y...
......#######.h.# #
####### #.lo#


#ohY# #.l.# o.... ...#### You could see 3 boulder beetles, a manticore, a
hornet, 2 wyverns, 2 acid dragons, an ice beast, a centaur, 3 hounds, 3 wights,
3 orcs, a friendly deep troll (summoned, berserk), a friendly ogre (summoned,
berserk), a friendly quasit (summoned) and a friendly white imp (summoned).

Vanquished Creatures
  Josephine (D:10)
  Harold (D:7)
  A two-headed ogre (D:9)
  Pikel (D:8)
  Joseph (D:10)
  Maggie (D:7)
  A hornet (D:10)
  2 yaks (D:11)
  2 wraiths (D:10)
  Duvessa (D:4)
  4 ice beasts
  A sky beast (D:6)
  2 orc warriors
  A phantom (D:9)
  A necrophage (D:8)
  A black bear (D:11)
  4 ogres
  3 centaurs
  Blork the orc (D:5)
  A bullfrog (D:8)
  Dowan (D:4)
  A scorpion (D:4)
  4 wights (D:6)
  A centaur zombie (D:7)
  7 hounds
  2 bullfrog zombies
  A centaur skeleton (D:5)
  3 orc wizards
  6 orc priests
  2 iguanas
  Ijyb (D:3)
  8 worker ants
  A killer bee zombie (D:7)
  A hound zombie (D:11)
  3 hound skeletons
  A howler monkey skeleton (D:7)
  12 adders
  3 gnolls (D:4)
  2 white imps
  An ufetubus (D:7)
  4 oozes (D:5)
  An adder skeleton (D:5)
  An adder zombie (D:6)
  2 worms (D:2)
  3 dart slugs (D:1)
  4 leopard geckos
  26 orcs
  13 giant cockroaches
  7 hobgoblins
  13 jackals
  6 kobolds
  5 quokkas
  A ball python (D:3)
  6 bats
  5 frilled lizards
  12 goblins
  A quokka skeleton (D:4)
  2 quokka zombies (D:8)
  3 rats
207 creatures vanquished.

Vanquished Creatures (collateral kills)
  A centaur zombie (D:10)
  A centaur skeleton (D:11)
  A gargoyle (D:8)
  A wraith (D:10)
  7 yaks (D:11)
  Menkaure (D:4)
  2 ice beasts
  2 sky beasts
  An orc warrior (D:11)
  A black bear (D:11)
  3 lemures (D:8)
  5 wights (D:8)
  A hound (D:4)
  3 orc priests
  3 orc wizards
  An iguana (D:8)
  A worker ant (D:8)
  Robin (D:2)
  An adder (D:4)
  9 orcs
  A frilled lizard (D:2)
47 creatures vanquished.

Vanquished Creatures (others)
  5 fungi (D:11)
  A toadstool (D:11)
6 creatures vanquished.

Grand Total: 260 creatures vanquished

Notes
Turn   | Place    | Note
-------+----------+-------------------------------------------
     0 | D:1      | nomophobia the Demonspawn Berserker began the quest for the
                  | Orb.
     0 | D:1      | Reached XP level 1. HP: 18/18 MP: 1/1
   273 | D:1      | Reached skill level 3 in Long Blades
   406 | D:1      | Gained mutation: A weak demonic guardian rushes to your
                  | aid. [demonic ancestry]
   406 | D:1      | Reached XP level 2. HP: 24/24 MP: 2/2
  1117 | D:2      | Reached XP level 3. HP: 29/29 MP: 3/3
  1511 | D:2      | Found a faded altar of an unknown god.
  1797 | D:2      | Reached ** piety under Trog
  2007 | D:2      | Noticed Robin
  2010 | D:2      | Gained mutation: You have a somewhat thin skeletal
                  | structure. (Dex +2, Stealth) [demonic ancestry]
  2010 | D:2      | Reached XP level 4. HP: 35/35 MP: 4/4
  2016 | D:2      | Killed Robin
  2204 | D:3      | Noticed Ijyb
  2207 | D:3      | Reached skill level 4 in Long Blades
  2214 | D:3      | Killed Ijyb
  2215 | D:3      | Reached XP level 5. HP: 42/42 MP: 5/5
  2992 | D:3      | Reached *** piety under Trog
  3118 | D:3      | Reached XP level 6. HP: 48/48 MP: 6/6
  3417 | D:4      | Reached skill level 5 in Long Blades
  3949 | D:4      | Gained mutation: You have a pair of small horns on your
                  | head. [demonic ancestry]
  3949 | D:4      | Reached XP level 7. HP: 55/55 MP: 7/7
  4019 | D:4      | Found a radiant altar of Vehumet.
  4242 | D:4      | Noticed Menkaure
  4250 | D:4      | Killed Menkaure
  4251 | D:4      | Reached skill level 5 in Fighting
  4251 | D:4      | Reached skill level 6 in Long Blades
  4286 | D:4      | Reached **** piety under Trog
  4591 | D:4      | Noticed Duvessa
  4592 | D:4      | Noticed Dowan
  4606 | D:4      | Killed Duvessa
  4610 | D:4      | Killed Dowan
  4891 | D:5      | Entered Level 5 of the Dungeon
  4907 | D:5      | Found an opulent altar of Gozag.
  4917 | D:5      | Gained mutation: You have a moderately thin skeletal
                  | structure. (Dex +4, Stealth+) [demonic ancestry]
  4917 | D:5      | Reached XP level 8. HP: 63/63 MP: 8/8
  5271 | D:5      | Reached skill level 7 in Long Blades
  5306 | D:5      | Noticed Blork the orc
  5313 | D:5      | Killed Blork the orc
  5616 | D:6      | Reached skill level 5 in Armour
  5951 | D:6      | Reached skill level 8 in Long Blades
  6205 | D:6      | Found a shimmering altar of Xom.
  6246 | D:6      | Reached XP level 9. HP: 61/71 MP: 9/9
  6543 | D:6      | Found a staircase to the Ecumenical Temple.
  6621 | D:6      | Found a sacrificial altar of Ru.
  6674 | D:7      | Noticed Harold
  6696 | D:7      | Killed Harold
  6697 | D:7      | Reached skill level 9 in Long Blades
  6813 | D:7      | Noticed Maggie
  6821 | D:7      | Killed Maggie
  6924 | D:7      | Reached ***** piety under Trog
  7224 | D:8      | Noticed a gargoyle
  7242 | D:8      | Killed a gargoyle
  7384 | D:8      | Gained mutation: You sometimes gain a little power by
                  | taking damage. [demonic ancestry]
  7384 | D:8      | Reached XP level 10. HP: 80/80 MP: 10/10
  7425 | D:8      | Noticed Pikel
  7435 | D:8      | Killed Pikel
  7436 | D:8      | Reached skill level 10 in Long Blades
  7843 | D:9      | Noticed a two-headed ogre
  7851 | D:9      | Killed a two-headed ogre
  8491 | D:10     | Entered Level 10 of the Dungeon
  8495 | D:10     | Paralysed by a hornet for 2 turns
  8502 | D:10     | Paralysed by a hornet for 2 turns
  8576 | D:10     | Noticed Joseph
  8624 | D:10     | Killed Joseph
  8786 | D:10     | Noticed Josephine
  8801 | D:10     | Killed Josephine
  8802 | D:10     | Reached skill level 11 in Long Blades
  9058 | D:10     | Gained mutation: You have an unnaturally thin skeletal
                  | structure. (Dex +6, Stealth++) [demonic ancestry]
  9058 | D:10     | Reached XP level 11. HP: 80/89 MP: 11/11
  9298 | D:11     | Found Ympuum's Assorted Antiques.
  9324 | D:11     | Noticed a boulder beetle
  9331 | D:11     | Noticed a boulder beetle
  9338 | D:11     | Noticed a boulder beetle
  9340 | D:11     | HP: 4/89 [manticore (2)]
  9340 | D:11     | Slain by a boulder beetle

Illustrated notes

Levels and vault maps discovered:
D:1:      dpeg_arrival_three_same_balls, layout_basic
D:2:      minmay_roachtagon, layout_basic, chequers_ecumenical_altar_simple,
          uniq_robin
D:3:      layout_basic, uniq_ijyb
D:4:      layout_basic, fiery_altar_vehumet, nrook_uturn, st_stairs_14,
          uniq_duvessa, uniq_menkaure
D:5:      layout_cave_pools, gup_sewer_entry_pipe,
          nicolae_gozag_cash_rules_everything_around_me, uniq_blork_the_orc
D:6:      layout_basic, nicolae_overflow_hidden_temple, temple_fountains
D:7:      layout_cave_pools, uniq_maggie, uniq_harold
D:8:      layout_cave_pools, uniq_pikel
D:9:      layout_grid_maze, serial_shops, nicolae_shop_behind_doors
D:10:     layout_stronghold, lair_entry_dummy, serial_co_window_serial,
          co_window_of_opportunity_a, co_window_corner_a, co_window_corner_a,
          co_window_corner_a, co_window_paths_a, co_window_corner_a,
          co_window_cross_1, co_window_corner_ca, co_window_unsneaky_path_b,
          co_window_broadway_b, co_window_of_opportunity_b, co_window_corner_cb,
          co_window_unsneaky_path_c, co_window_2corner, glass_columns_b,
          glass_columns_a, chequers_serial_rivers_micro_d, dk_vineyard_3,
          lemuel_angel_altar, uniq_joseph, uniq_gastronok, uniq_josephine
D:11:     minmay_cut_squares, layout_small_grid, serial_shops,
          nicolae_shop_overgrown_old_shop, minmay_gold_behind_fungi

Skill      XL: |  1  2  3  4  5  6  7  8  9 10 |
---------------+-------------------------------+-----
Long Blades    | 3 4 5 6 8 9 11 | 11.6
Armour         | 2 3 4 5 6 8 |  8.3
Fighting       | 4 5 6 7 9 |  9.4
Dodging        | |  1.7

Action                   |  1- 3 |  4- 6 |  7- 9 | 10-12 || total
-------------------------+-------+-------+-------+-------++-------
Melee: Falchion          |    96 |   154 |   250 |       ||   500
       Unarmed           |       |     7 |       |       ||     7
       Headbutt          |       |       |    82 |    65 ||   147
       Long sword        |       |       |    73 |   155 ||   228
Invok: Berserk           |     3 |     3 |     6 |     5 ||    17
       Trog's Hand       |       |       |     1 |     2 ||     3
       Brothers in Arms  |       |       |     1 |     3 ||     4
  Use: Scroll            |       |    12 |     3 |     3 ||    18
 Stab: Sleeping          |     1 |     1 |       |       ||     2
       Distracted        |       |     1 |     1 |     1 ||     3
Armor: Animal skin       |    21 |    11 |       |       ||    32
       Skin              |       |     1 |       |       ||     1
       Ring mail         |       |    39 |     6 |       ||    45
       Plate armour      |       |       |   146 |    68 ||   214
Dodge: Dodged            |    80 |   139 |   183 |    68 ||   470
       Rpst.: Falchion   |    24 |    40 |    47 |       ||   111
       Long sword        |       |       |     4 |    18 ||    22
